 Dungeon Crawl Stone Soup version 0.20.1-1-g8b1a95d (webtiles) character file.

506 Saithnar the Magician (level 6, -2/33 HPs)
             Began as a Deep Elf Venom Mage on Aug 19, 2017.
             Killed from afar by Saithnar's ghost (18 damage)
             ... with a spray of energy
             ... on level 4 of the Dungeon.
             The game lasted 00:17:06 (4031 turns).

Saithnar the Magician (Deep Elf Venom Mage)         Turns: 4031, Time: 00:17:07

Health: -2/33      AC:  3    Str:  5    XL:     6   Next: 97%
Magic:  17/17      EV: 13    Int: 22    God:
Gold:   154        SH:  0    Dex: 15    Spells: 10/17 levels left

rFire    + . .     SeeInvis .   (no weapon)
rCold    . . .     Gourm    .   (no shield)
rNeg     . . .     Faith    .   a - +1 robe
rPois    .         Spirit   .   (no helmet)
rElec    .         Reflect  .   (no cloak)
rCorr    .         Harm     .   (no gloves)
MR       .....                  (no boots)
Stlth    +.........             (no amulet)
Regen    0.2/turn               r - ring of protection from fire
MPRegen  0.2/turn               (no ring)

@: confused
A: no striking features
a: no special abilities


You were on level 4 of the Dungeon.
You were full.

You visited 1 branch of the dungeon, and saw 4 of its levels.

You collected 154 gold pieces.

Inventory:

Armour
 a - a +1 robe (worn)
 f - a +0 robe
 i - a +0 ring mail
Jewellery
 r - a ring of protection from fire (left hand)
Scrolls
 d - a scroll of teleportation
 e - a scroll of amnesia
 j - a scroll of immolation
 k - a scroll of identify
 m - 3 scrolls of magic mapping
Potions
 l - a potion of lignification
 o - a potion of mutation {unknown}
 p - a potion of curing
 q - a potion of ambrosia {unknown}
 s - a potion of might
Books
 b - a Young Poisoner's Handbook

   Spells                             Type                      Level
   a - Sting                          Conjuration/Poison           1
   b - Poisonous Vapours              Poison/Air                   2
   c - Mephitic Cloud                 Conjuration/Poison/Air       3
   d - Olgreb's Toxic Radiance        Poison                       4
   e - Venom Bolt                     Conjuration/Poison           5
Comestibles
 c - 2 bread rations
 g - a meat ration


   Skills:
 + Level 0.4 Fighting
 + Level 2.8 Dodging
 + Level 3.1 Stealth
 + Level 0.1 Unarmed Combat
 + Level 6.0 Spellcasting
 + Level 3.2 Conjurations
 + Level 2.0 Air Magic
 + Level 5.6 Poison Magic


You had 10 spell levels left.
You knew the following spells:

 Your Spells              Type           Power        Failure   Level  Hunger
a - Sting                 Conj/Pois      ####         1%          1    None
b - Poisonous Vapours     Pois/Air       ###...       2%          2    None
c - Olgreb's Toxic Radia  Pois           ####....     9%          4    ###....


Dungeon Overview and Level Annotations

Branches:
Dungeon (4/15)
 Temple: D:4-7

Altars:
Gozag
Uskayaw

Shops:
D:4 !

Annotations:
D:4 Saithnar's ghost, amateur DECj


Message History

Saithnar's ghost turns its malevolent gaze towards you.
Saithnar's ghost points at you and mumbles some strange words.
You resist with some effort.
There is an open door here.
Saithnar's ghost gestures at you while chanting.
The spray of energy hits you!
You are confused.
You're too confused to move!
Saithnar's ghost grins evilly.
Saithnar's ghost casts a spell at you. The magic dart hits you!
You bump into the rock wall.
You're too confused to cast spells.
You're too confused!
Unknown command.
Unknown command.
Saithnar's ghost casts a spell at you. The spray of energy hits you!
Ouch! That really hurt!
You die...

### # #.###########
#............ #.########..) #.#
#.#. #<########.#.
#............
#########################
#...W...@................ #
#.#######################
#.#.###'#.......##.###### #..
...........W...........># #..
#.#.##..........##.##########.#
#...#######..............#
#...# #..############# #...#
...... #...... #...# .........
#.#####


You could see Saithnar's ghost.

Vanquished Creatures
  An ogre (D:4)
  3 orc priests
  3 orc wizards (D:3)
  An iguana (D:3)
  Natasha (twice) (D:2)
  4 gnolls (D:3)
  4 adders
  A worm (D:2)
  A dart slug (D:1)
  10 orcs
  3 giant cockroaches
  12 goblins
  4 hobgoblins
  9 jackals (D:1)
  4 kobolds (D:1)
  A ball python (D:3)
  10 bats
  4 frilled lizards
  7 rats
84 creatures vanquished.

Notes
Turn   | Place    | Note
-------+----------+-------------------------------------------
     0 | D:1      | Saithnar the Deep Elf Venom Mage began the quest for the Orb.
     0 | D:1      | Reached XP level 1. HP: 10/10 MP: 6/6
   123 | D:1      | Reached XP level 2. HP: 15/15 MP: 0/8
   817 | D:1      | Reached XP level 3. HP: 19/19 MP: 5/9
  1234 | D:2      | Learned a level 2 spell: Poisonous Vapours
  1820 | D:2      | Found a hide-covered altar of Uskayaw.
  1910 | D:2      | Noticed Natasha
  1925 | D:2      | Killed Natasha
  1925 | D:2      | Reached skill level 4 in Spellcasting
  1925 | D:2      | Reached XP level 4. HP: 3/24 MP: 7/12
  2277 | D:2      | Noticed Natasha
  2281 | D:2      | Killed Natasha
  2329 | D:3      | Reached XP level 5. HP: 14/28 MP: 2/14
  2674 | D:3      | Learned a level 4 spell: Olgreb's Toxic Radiance
  2863 | D:3      | Reached skill level 5 in Spellcasting
  2863 | D:3      | Reached skill level 5 in Poison Magic
  2864 | D:3      | Reached skill level 1 in Air Magic
  2864 | D:3      | Reached XP level 6. HP: 21/33 MP: 0/15
  3728 | D:4      | Found an opulent altar of Gozag.
  3782 | D:4      | Reached skill level 6 in Spellcasting
  3884 | D:4      | Found Diuwowni's Distillery.
  4010 | D:4      | Noticed Saithnar's ghost (amateur DECj)
  4031 | D:4      | Killed from afar by Saithnar's ghost

Skill      XL: |  1  2  3  4  5  6 |
---------------+-------------------+-----
Poison Magic   | 4 5 |  5.6
Spellcasting   | 4 5 6 |  6.0
Conjurations   | 2 3 |  3.2
Air Magic      | 1 2 |  2.0
Stealth        | 3 |  3.1
Fighting       | |  0.4
Dodging        | |  2.8
Unarmed Combat | |  0.1

Action                   |  1- 3 |  4- 6 || total
-------------------------+-------+-------++-------
Melee: Unarmed           |       |     1 ||     1
 Cast: Sting             |    85 |    45 ||   130
       Poisonous Vapours |     3 |    33 ||    36
       Olgreb's Toxic Ra |       |     2 ||     2
  Use: Potion            |       |     4 ||     4
       Scroll            |       |     9 ||     9
  Eat: Bread ration      |     1 |       ||     1
       Meat ration       |       |     2 ||     2
Armor: Robe              |     7 |     3 ||    10
Dodge: Dodged            |    32 |    13 ||    45
